 Dungeon Crawl Stone Soup version 0.20-a0-1103-g26be02c (webtiles) character file.

15057 JeffiDaFish the Basher (level 12, -2/76 HPs)
             Began as a Gargoyle Fighter on May 4, 2017.
             Was a High Priest of Okawaru.
             Engulfed by an ice dragon's freezing vapour (9 damage)
             ... on level 2 of the Lair of Beasts on May 5, 2017.
             The game lasted 00:24:34 (10344 turns).

JeffiDaFish the Basher (Gargoyle Fighter)          Turns: 10344, Time: 00:24:34

Health: -2/76      AC: 32    Str: 26    XL:     12   Next: 23%
Magic:  12/12      EV:  8    Int:  9    God:    Okawaru [*****.]
Gold:   416        SH: 13    Dex: 13    Spells: 6/11 levels left

rFire    . . .     SeeInvis +   A - +4 flail (crush)
rCold    + . .     Gourm    .   c - +0 shield
rNeg     + . .     Faith    .   x - +0 plate armour
rPois    ∞         Spirit   .   m - +2 helmet {SInv}
rElec    +         Reflect  .   r - +0 cloak
rCorr    .         Harm     .   F - +0 pair of gloves
MR       .....                  n - +2 pair of boots (curse)
Stlth    ..........             E - amulet of regeneration
Regen    0.7/turn               q - ring of protection from cold
MPRegen  0.2/turn               D - +5 ring of strength

@: very slow
A: negative energy resistance 1, electricity resistance, unbreathing,
petrification resistance, rot immunity, AC +8
a: Heroism, Finesse, Renounce Religion


You were on level 2 of the Lair of Beasts.
You worshipped Okawaru.
Okawaru was extremely pleased with you.
You were hungry.

You visited 3 branches of the dungeon, and saw 14 of its levels.

You collected 521 gold pieces.
You spent 105 gold pieces at shops.

Inventory:

Hand Weapons
 s - a +2 whip of flaming
 A - a +4 flail of crushing (weapon)
Armour
 c - a +0 shield (worn)
 m - a +2 helmet of see invisible (worn)
 n - a cursed +2 pair of boots (worn)
 r - a +0 cloak (worn)
 x - a +0 plate armour (worn)
 y - a scarf of cloud immunity
 F - a +0 pair of gloves (worn)
Jewellery
 q - a ring of protection from cold (left hand)
 z - an uncursed ring of stealth
 D - a +5 ring of strength (right hand)
 E - an amulet of regeneration (around neck)
Wands
 l - a wand of flame (36/48)
Scrolls
 d - 2 scrolls of magic mapping
 g - 6 scrolls of teleportation
 k - 3 scrolls of identify
 o - 2 scrolls of fear
 p - a scroll of remove curse
 v - a scroll of fog
 B - a scroll of blinking
 C - 2 scrolls of amnesia
Potions
 b - a potion of flight
 e - 5 potions of curing
 t - 3 potions of might
 u - a potion of magic
Books
 a - a book of Transfigurations

   Spells                             Type                      Level
   a - Irradiate                      Conjuration/Transmutation    5
   b - Statue Form                    Transmutation/Earth          6
   c - Hydra Form                     Transmutation                6
   d - Dragon Form                    Transmutation                7
 w - a book of Clouds

   Spells                             Type                      Level
   a - Poisonous Vapours              Poison/Air                   2
   b - Mephitic Cloud                 Conjuration/Poison/Air       3
   c - Conjure Flame                  Conjuration/Fire             3
   d - Freezing Cloud                 Conjuration/Ice/Air          6
   e - Ring of Flames                 Charms/Fire                  7
Comestibles
 f - 6 bread rations
 h - 7 royal jellies
 i - 5 fruits
 j - 2 meat rations


   Skills:
 + Level 9.0 Fighting
 + Level 12.1 Maces & Flails
 + Level 8.4 Armour
 + Level 4.0 Dodging
 - Level 1.4 Stealth
 + Level 11.4 Shields


You had 6 spell levels left.
You knew the following spells:

 Your Spells              Type           Power        Failure   Level  Hunger
a - Irradiate             Conj/Tmut      #.........   100%        5    ######.


Dungeon Overview and Level Annotations

Branches:
Dungeon (11/15)            Temple (1/1) D:6            Lair (2/6) D:11
    Orc (0/2) D:10
  Swamp: Lair:2-4    Shoals: Lair:2-4     Snake: Lair:2-4    Spider: Lair:2-4

Altars:
Ashenzari
Cheibriados
Dithmenos
Elyvilon
Fedhas
Gozag
Kikubaaqudgha
Nemelex Xobeh
Okawaru
Qazlal
Ru
Sif Muna
Trog
Uskayaw
Vehumet
Wu Jian
Xom
Yredelemnul
Zin
The Shining One

Shops:
D:5 *   D:11 *


Innate Abilities, Weirdness & Mutations

You are resistant to torment.
Your stone body is resilient. (AC +8)
You are immune to poison.
You resist negative energy. (rN+)
You are resistant to electric shocks. (rElec)
You can survive without breathing.
You are immune to petrification.
You are immune to rotting.


Message History

The ice dragon claws you but does no damage.
The ice dragon tramples you but does no damage.
You sock the ice dragon!
The ice dragon is lightly wounded.
The ice dragon bites you but does no damage.
The ice dragon claws you. The ice dragon tramples you.
You stumble backwards!
Splash!
You sock the ice dragon!
The ice dragon is moderately wounded.
The ice dragon breathes frost at you. The blast of cold hits you! You resist.
* * * LOW HITPOINT WARNING * * *
Your unstable footing causes you to fumble your attack.
You are engulfed in freezing vapours.
You resist.
* * * LOW HITPOINT WARNING * * *
The ice dragon bites you but does no damage.
The ice dragon claws you but does no damage.
You block the ice dragon's attack.
You feel better.
You are engulfed in freezing vapours.
You resist.
You die...

# #.##
#..#
##..##
##....##
#......#
#......##
##.......#
#.....(..#
#......≈@#
#.....≈≈D#
#≈..≈≈≈≈≈#
#≈≈≈≈≈≈.≈#
#≈≈≈≈≈...#
#≈≈≈≈≈[..#
###≈≈$$..#
##≈$$?.#
###)}?#


You could see an ice dragon.

Vanquished Creatures
  A hydra (Lair:1)
  Erica (Lair:2)
  3 two-headed ogres
  The ghost of Nicocat the Zephyrmancer, a journeyman TeAE of Vehumet (D:10)
  Pikel (D:4)
  A black mamba (Lair:1)
  2 spiny frogs
  A komodo dragon (Lair:1)
  A queen bee (D:11)
  2 trolls
  A hornet (D:9)
  4 hippogriffs
  2 shadows (D:11)
  The ghost of Taihus the Stinger, an amateur NaVM (D:4)
  5 yaks (D:10)
  2 basilisks (Lair:1)
  2 hungry ghosts
  A steam dragon (D:10)
  5 porcupines
  A soldier ant (D:11)
  A two-headed ogre zombie (D:10)
  2 water moccasins
  3 orc warriors
  5 sky beasts
  2 ice beasts
  An eye of draining (D:9)
  A black bear (D:8)
  4 phantoms
  A centaur (D:8)
  2 ogres
  2 crocodiles
  Blork the orc (D:4)
  A gnoll sergeant (D:6)
  5 bullfrogs
  4 scorpions
  A water moccasin skeleton (D:8)
  A wyvern skeleton (D:8)
  17 killer bees
  8 wights
  An electric eel (Lair:1)
  5 howler monkeys
  5 crimson imps
  A bullfrog zombie (D:5)
  A lava snake (Lair:1)
  Crazy Yiuf (D:4)
  A centaur skeleton (D:4)
  6 hounds
  5 orc priests
  3 orc wizards
  2 bullfrog skeletons
  2 iguanas (D:6)
  6 worker ants
  A killer bee zombie (D:8)
  7 ogre zombies (D:10)
  2 worker ant zombies
  Robin (D:3)
  3 gnolls (D:6)
  A howler monkey skeleton (D:6)
  14 adders
  A shadow imp (D:6)
  An adder skeleton (D:5)
  An adder zombie (D:6)
  2 worms
  6 dart slugs
  6 leopard geckos
  13 orcs
  6 giant cockroaches
  10 goblins
  15 hobgoblins
  9 jackals
  4 quokkas
  A ball python (D:6)
  9 bats
  8 frilled lizards
  2 goblin skeletons (D:10)
  A goblin zombie (D:10)
  3 hobgoblin skeletons (D:10)
  A hobgoblin zombie (D:10)
  A jackal skeleton (D:6)
  3 kobolds
  A leopard gecko zombie (D:6)
  3 orc skeletons (D:10)
  14 orc zombies (D:10)
  A quokka skeleton (D:4)
  A quokka zombie (D:9)
  5 rats
296 creatures vanquished.

Vanquished Creatures (others)
  An orc zombie (D:10)
  A fungus (D:11)
2 creatures vanquished.

Grand Total: 298 creatures vanquished

Notes
Turn   | Place    | Note
-------+----------+-------------------------------------------
     0 | D:1      | JeffiDaFish the Gargoyle Fighter began the quest for the Orb.
     0 | D:1      | Reached XP level 1. HP: 14/14 MP: 1/1
    18 | D:1      | Reached XP level 2. HP: 19/19 MP: 2/2
   311 | D:1      | Reached XP level 3. HP: 23/23 MP: 3/3
   949 | D:2      | Reached XP level 4. HP: 26/29 MP: 4/4
  1682 | D:3      | Noticed Robin
  1711 | D:3      | Reached skill level 3 in Maces & Flails
  1723 | D:3      | Killed Robin
  1723 | D:3      | Reached XP level 5. HP: 22/33 MP: 5/5
  2490 | D:4      | Found a hide-covered altar of Uskayaw.
  2498 | D:4      | Reached skill level 1 in Dodging
  2509 | D:4      | Noticed Taihus's ghost (amateur NaVM)
  2531 | D:4      | Killed Taihus's ghost
  2531 | D:4      | Reached skill level 4 in Maces & Flails
  2531 | D:4      | Reached XP level 6. HP: 17/38 MP: 6/6
  2757 | D:4      | Noticed Blork the orc
  2779 | D:4      | Killed Blork the orc
  2834 | D:4      | Reached XP level 7. HP: 29/44 MP: 7/7
  3280 | D:4      | Reached skill level 5 in Shields
  3326 | D:4      | Reached skill level 5 in Maces & Flails
  3375 | D:4      | Found a runed door.
  3379 | D:4      | Noticed Crazy Yiuf
  3391 | D:4      | Killed Crazy Yiuf
  3449 | D:4      | Noticed Pikel
  3477 | D:4      | Killed Pikel
  3477 | D:4      | Reached skill level 5 in Fighting
  3477 | D:4      | Reached skill level 6 in Maces & Flails
  3477 | D:4      | Reached skill level 1 in Stealth
  3477 | D:4      | Reached XP level 8. HP: 41/49 MP: 8/8
  3705 | D:4      | Found a white marble altar of Elyvilon.
  3705 | D:4      | Found a shattered altar of Ashenzari.
  3805 | D:5      | Entered Level 5 of the Dungeon
  3933 | D:5      | Found Dunkiar's General Store.
  3937 | D:5      | Bought a scroll of enchant armour for 105 gold pieces
  4330 | D:5      | Reached skill level 7 in Maces & Flails
  4330 | D:5      | Reached skill level 5 in Armour
  4613 | D:6      | Reached XP level 9. HP: 37/54 MP: 5/9
  4798 | D:6      | Found a staircase to the Ecumenical Temple.
  4839 | Temple   | Entered the Ecumenical Temple
  4919 | Temple   | Became a worshipper of Warmaster Okawaru
  5220 | D:6      | Reached skill level 8 in Maces & Flails
  5618 | D:7      | Reached * piety under Okawaru
  5652 | D:7      | Found a basalt altar of Yredelemnul.
  6241 | D:8      | Reached skill level 9 in Maces & Flails
  6241 | D:8      | Reached XP level 10. HP: 61/61 MP: 10/10
  6246 | D:8      | Reached ** piety under Okawaru
  6813 | D:8      | Found a shimmering altar of Xom.
  6968 | D:9      | Noticed a two-headed ogre
  6987 | D:9      | Killed a two-headed ogre
  7373 | D:9      | Reached *** piety under Okawaru
  7373 | D:9      | Reached skill level 10 in Maces & Flails
  7543 | D:9      | Found an ornate altar of the Wu Jian Council.
  7715 | D:9      | Noticed a two-headed ogre
  7725 | D:9      | Killed a two-headed ogre
  8075 | D:10     | Entered Level 10 of the Dungeon
  8114 | D:10     | Reached XP level 11. HP: 67/68 MP: 9/11
  8193 | D:10     | Noticed Nicocat's ghost (journeyman TeAE)
  8217 | D:10     | Reached **** piety under Okawaru
  8244 | D:10     | Killed Nicocat's ghost
  8287 | D:10     | Found a staircase to the Orcish Mines.
  8360 | D:10     | Reached skill level 10 in Shields
  8444 | D:10     | Reached skill level 11 in Maces & Flails
  8790 | D:11     | Reached ***** piety under Okawaru
  9099 | D:11     | Found Ynkoh's Assorted Antiques.
  9227 | D:11     | Noticed a two-headed ogre
  9239 | D:11     | Killed a two-headed ogre
  9320 | D:11     | Found a staircase to the Lair.
  9422 | Lair:1   | Entered Level 1 of the Lair of Beasts
  9494 | Lair:1   | Learned a level 5 spell: Irradiate
  9502 | Lair:1   | Noticed a five-headed hydra
  9511 | Lair:1   | Killed a five-headed hydra
  9511 | Lair:1   | Received a gift from Okawaru
  9659 | Lair:1   | Reached XP level 12. HP: 71/75 MP: 12/12
  9873 | Lair:1   | Reached skill level 12 in Maces & Flails
 10245 | Lair:2   | Noticed Erica
 10250 | Lair:2   | Killed Erica
 10327 | Lair:2   | Noticed an ice dragon
 10343 | Lair:2   | HP: 1/76 [ice dragon] (6)]
 10344 | Lair:2   | Engulfed by an ice dragon's freezing vapour

Vault maps used:
D:1:      minmay_arrival_glassed_features
D:2:      minmay_heptomino_w4
D:3:      first_bread, uniq_robin
D:4:      lemuel_round_altar, gammafunk_temple_overflow_elements,
          glass_columns_a, uniq_crazy_yiuf_cottage, uniq_pikel,
          uniq_blork_the_orc
D:5:      serial_shops, nicolae_shop_stone
D:6:      minmay_temple_entry_statues_pillars, kennysheep_small_square
D:7:      kennysheep_mini
D:8:      lemuel_coloured_pillars_altar
D:9:      kennysheep_little_box, serial_curves, eino_curves_02, eino_curves_02
D:10:     zombieorc2_lemuel
D:11:     grunt_lair_entry_orc_guard_hut, serial_shops, kennysheep_mini_moat,
          david_nohive_1, hex_tiny
Temple:   nicolae_temple_elliptical
Lair:1:   wad_woods_river_03, st_stairs_13
Lair:2:   dragon1_lemuel, nicolae_spider_entry_tight_spaces,
          serial_bayou_shore_a, uniq_erica, uniq_harold

Skill      XL: |  1  2  3  4  5  6  7  8  9 10 11 12 |
---------------+-------------------------------------+-----
Shields        | 4 5 6 7 9 11 | 11.4
Maces & Flails | 3 4 6 7 9 10 11 12 | 12.1
Armour         | 4 5 6 7 8 |  8.4
Dodging        | 1 2 3 4 |  4.0
Fighting       | 4 5 6 7 8 9 |  9.0
Stealth        | 1 |  1.4

Action                   |  1- 3 |  4- 6 |  7- 9 | 10-12 || total
-------------------------+-------+-------+-------+-------++-------
Melee: Flail             |   117 |   213 |   107 |   533 ||   970
       Whip              |       |       |   456 |   268 ||   724
  Use: Scroll            |     5 |     2 |     9 |    10 ||    26
       Potion            |     1 |     3 |     5 |     3 ||    12
 Stab: Invisible         |       |       |     1 |       ||     1
  Eat: Chunk             |       |     6 |    14 |    13 ||    33
       Royal jelly       |       |       |       |     2 ||     2
Armor: Scale mail        |    56 |   106 |   215 |       ||   377
       Plate armour      |       |       |     8 |   472 ||   480
Dodge: Dodged            |    42 |    66 |   155 |   189 ||   452
Block: Shield            |    89 |   115 |   216 |   470 ||   890
